Sharks vs Capitals

Created - April 2 2011 at 11:33

Goals
1 2 3 T
Sharks 1 1 0 2
Capitals 1 0 0 1
Shots
1 2 3 T
Sharks 10 5 9 24
Capitals 15 14 10 39

Period #1

1. Capitals , Ryane Clowe 13 (Kimmo Timonen, Matt Stajan) at 0:57 (PP)
2. Sharks , Tom Kostopoulos 7 (Marc Savard, Francois Beauchemin) at 7:52

Penalties :
Mark Stuart (SJS) for Hooking (Minor) at 0:24, Shane Doan (SJS) for Holding (Minor) at 0:37, Marek Zidlicky (SJS) for Roughing (Minor) at 4:19, Marek Zidlicky (SJS) for Hooking (Minor) at 8:54, Trent Hunter (WSH) for Roughing (Double Minor) at 12:26, Martin Brodeur (SJS) for Unsportsmanlike conduct (Major / Game Misconduct) at 19:23 - Brad Staubitz served the penalty.

Period #2

3. Sharks , Marc Savard 20 (Tom Kostopoulos, Eric Brewer) at 4:48

Penalties :
Blake Comeau (SJS) for Slashing (Double Minor) at 7:36, Tomas Fleischmann (WSH) for Holding (Minor) at 10:57, Kimmo Timonen (WSH) for Hooking (Minor) at 13:03

Period #3

No Goal

Penalties :
Marc Methot (WSH) for Hooking (Minor) at 0:57, Bryan McCabe (SJS) for Holding (Minor) at 3:22, Mark Stuart (SJS) for Hooking (Minor) at 18:53

Goalie Stats

Martin Brodeur (SJS), 13 saves from 14 shots - (0.929), 19:23 minutes
Scott Clemmensen (SJS), 25 saves from 25 shots - (1.000), W, 3-9-2, 40:37 minutes
Jimmy Howard (WSH), 22 saves from 24 shots - (0.917), L, 24-36-4, 59:04 minutes

Players Stats

Sharks
Player Name              G  A  P  +/- PIM S  H  SB FO    MP 
------------------------------------------------------------
Alex Tanguay             0  0  0   0  0   1  2  0  2/2   17 
Blake Comeau             0  0  0   0  4   2  3  2  3/4   20 
Brad Staubitz            0  0  0   2  0   0  0  0  0/0   7  
Bryan McCabe             0  0  0   0  2   1  0  0  0/0   24 
Dainius Zubrus           0  0  0   0  0   1  0  0  1/1   9  
Doug Weight              0  0  0   0  0   1  0  0  1/3   6  
Eric Belanger            0  0  0   0  0   1  0  0  2/9   11 
Eric Brewer              0  1  1   2  0   1  0  0  0/0   15 
Erik Christensen         0  0  0   0  0   1  0  0  1/1   12 
Francois Beauchemin      0  1  1   2  0   1  2  0  0/0   24 
Jack Skille              0  0  0   0  0   0  2  0  0/0   11 
Jarret Stoll             0  0  0   0  0   1  1  0  16/27 21 
Marc Savard              1  1  2   2  0   4  0  0  23/39 22 
Marek Zidlicky           0  0  0   0  4   3  0  0  0/0   22 
Mark Stuart              0  0  0   0  4   1  4  1  0/0   21 
Shane Doan               0  0  0   0  2   2  2  0  2/3   21 
Shane OBrien             0  0  0   0  0   0  3  1  0/0   10 
Tom Kostopoulos          1  1  2   2  0   3  0  0  0/1   9  
Capitals
Player Name              G  A  P  +/- PIM S  H  SB FO    MP 
------------------------------------------------------------
Alexander Ovechkin       0  0  0   0  0   4  7  1  2/7   23 
Alexander Semin          0  0  0   0  0   7  1  2  0/2   22 
Alexei Kovalev           0  0  0  -2  0   0  0  0  0/1   9  
Boyd Kane                0  0  0   0  0   0  0  0  1/5   7  
Brian Sutherby           0  0  0  -2  0   1  2  2  2/7   14 
Corey Potter             0  0  0  -1  0   1  1  1  0/0   22 
Douglas Murray           0  0  0   0  0   0  0  0  0/0   2  
Jeff Halpern             0  0  0   0  0   2  2  0  13/29 18 
Kimmo Timonen            0  1  1   0  2   3  3  1  0/0   24 
Marc Methot              0  0  0  -1  2   4  0  0  0/0   21 
Matt Cooke               0  0  0  -2  0   3  2  0  2/3   14 
Matt Pettinger           0  0  0   0  0   1  0  0  2/3   10 
Matt Stajan              0  1  1   0  0   0  0  0  14/25 16 
Ryane Clowe              1  0  1   0  0   3  0  0  3/8   20 
Steve Eminger            0  0  0  -2  0   1  2  0  0/0   17 
Tomas Fleischmann        0  0  0   0  2   5  4  0  0/0   21 
Trent Hunter             0  0  0   0  4   1  1  0  0/0   8  
Willie Mitchell          0  0  0   0  0   3  1  0  0/0   23 

3 Stars

1 - Scott Clemmensen (SJS)
2 - Marc Savard (SJS)
3 - Tom Kostopoulos (SJS)

Power Play

Sharks - 0 on 4 Attempt(s) - 0.00%
Capitals - 1 on 8 Attempt(s) - 12.50%

Penalty Kill

Sharks - 7 on 8 Attempt(s) - 87.50% - Score 0 goal in Penalty Kill
Capitals - 4 on 4 Attempt(s) - 100.00% - Score 0 goal in Penalty Kill

Game Notes

Martin Brodeur ejected from game at 19:23 of 1st period
Scott Clemmensen enters game at 19:23 of 1st period
Martin Brodeur from Sharks is suspended for 1 game(s)

Finance

Level 1 -- Attendance: 4449 (68.45%) -- Ticket Income $444,900.00
Level 2 -- Attendance: 3311 (66.22%) -- Ticket Income $198,660.00
Level 3 -- Attendance: 2573 (73.51%) -- Ticket Income $90,055.00
Level 4 -- Attendance: 2513 (94.05%) -- Ticket Income $50,260.00
Luxury Box -- Attendance: 744 (74.40%) -- Ticket Income $148,800.00
Game was played at the Verizon Center
Total Attendance: 13590 (72.78%)
Total Ticket Income: $979,828.10
Other Income: $212,863.80
Total Income: $1,192,692.00


Play by Play

Period #1

0:01 of 1st period - Alexander Ovechkin wins face-off versus Jarret Stoll in neutral zone.
0:16 of 1st period - Blake Comeau is hit by Kimmo Timonen and loses puck.
0:24 of 1st period - Minor Penalty to Mark Stuart for Hooking.
0:25 of 1st period - Marc Savard wins face-off versus Jeff Halpern in Sharks zone.
0:32 of 1st period - Icing by Willie Mitchell.
0:33 of 1st period - Marc Savard wins face-off versus Jeff Halpern in Capitals zone.
0:37 of 1st period - Minor Penalty to Shane Doan for Holding.
0:38 of 1st period - Jeff Halpern wins face-off versus Eric Belanger in Sharks zone.
0:41 of 1st period - Shot by Alexander Semin.
0:41 of 1st period - Stopped by Martin Brodeur without a rebound.
0:42 of 1st period - Matt Stajan wins face-off versus Marc Savard in Sharks zone.
0:51 of 1st period - Shot by Matt Stajan.
0:51 of 1st period - Shot Misses the Net.
0:53 of 1st period - Shot by Kimmo Timonen.
0:53 of 1st period - Shot Misses the Net.
0:57 of 1st period - Shot by Ryane Clowe.
0:57 of 1st period - Goal by Ryane Clowe - Sharks : 0 - Capitals : 1.
0:58 of 1st period - Jeff Halpern wins face-off versus Marc Savard in neutral zone.
1:11 of 1st period - Shot by Jeff Halpern.
1:11 of 1st period - Deflect By Alexander Semin.
1:11 of 1st period - Stopped by Martin Brodeur without a rebound.
1:12 of 1st period - Marc Savard wins face-off versus Matt Stajan in Sharks zone.
1:34 of 1st period - Shot by Kimmo Timonen.
1:34 of 1st period - Shot Blocked by Blake Comeau.
2:13 of 1st period - Shot by Willie Mitchell.
2:13 of 1st period - Stopped by Martin Brodeur with a rebound.
2:15 of 1st period - Shot by Alexander Semin.
2:15 of 1st period - Stopped by Martin Brodeur without a rebound.
2:16 of 1st period - Marc Savard wins face-off versus Jeff Halpern in Sharks zone.
2:25 of 1st period - Shot by Willie Mitchell.
2:25 of 1st period - Stopped by Martin Brodeur without a rebound.
2:26 of 1st period - Marc Savard wins face-off versus Jeff Halpern in Sharks zone.
3:42 of 1st period - Shot by Marc Savard.
3:42 of 1st period - Stopped by Jimmy Howard without a rebound.
3:43 of 1st period - Blake Comeau wins face-off versus Matt Stajan in Capitals zone.
3:48 of 1st period - Shot by Shane Doan.
3:48 of 1st period - Deflect By Blake Comeau.
3:48 of 1st period - Shot Misses the Net.
3:50 of 1st period - Shot by Francois Beauchemin.
3:50 of 1st period - Stopped by Jimmy Howard with a rebound.
3:52 of 1st period - Shot by Shane Doan.
3:52 of 1st period - Stopped by Jimmy Howard without a rebound.
3:53 of 1st period - Blake Comeau wins face-off versus Boyd Kane in Capitals zone.
3:59 of 1st period - Blake Comeau is hit by Kimmo Timonen and loses puck.
4:05 of 1st period - Matt Pettinger is hit by Jarret Stoll and loses puck.
4:19 of 1st period - Minor Penalty to Marek Zidlicky for Roughing.
4:20 of 1st period - Jeff Halpern wins face-off versus Marc Savard in Sharks zone.
4:51 of 1st period - Shane Doan is hit by Tomas Fleischmann and loses puck.
5:01 of 1st period - Shane Doan is hit by Corey Potter and loses puck.
5:30 of 1st period - Shot by Alexander Ovechkin.
5:30 of 1st period - Stopped by Martin Brodeur without a rebound.
5:31 of 1st period - Jarret Stoll wins face-off versus Jeff Halpern in Sharks zone.
6:42 of 1st period - Shot by Trent Hunter.
6:42 of 1st period - Stopped by Martin Brodeur without a rebound.
6:43 of 1st period - Marc Savard wins face-off versus Brian Sutherby in Sharks zone.
7:04 of 1st period - Shot by Tom Kostopoulos.
7:04 of 1st period - Stopped by Jimmy Howard without a rebound.
7:05 of 1st period - Matt Stajan wins face-off versus Eric Belanger in Capitals zone.
7:07 of 1st period - Icing by Alexander Ovechkin.
7:08 of 1st period - Matt Stajan wins face-off versus Marc Savard in Capitals zone.
7:10 of 1st period - Icing by Alexander Ovechkin.
7:11 of 1st period - Matt Stajan wins face-off versus Eric Belanger in Capitals zone.
7:13 of 1st period - Icing by Kimmo Timonen.
7:14 of 1st period - Matt Stajan wins face-off versus Eric Belanger in Capitals zone.
7:18 of 1st period - Kimmo Timonen is hit by Mark Stuart and loses puck.
7:24 of 1st period - Off-side.
7:25 of 1st period - Shane Doan wins face-off versus Jeff Halpern in neutral zone.
7:28 of 1st period - Jeff Halpern is hit by Shane Doan.
7:31 of 1st period - Off-side.
7:32 of 1st period - Brian Sutherby wins face-off versus Marc Savard in neutral zone.
7:45 of 1st period - Francois Beauchemin is hit by Steve Eminger and loses puck.
7:50 of 1st period - Shot by Marc Savard.
7:50 of 1st period - Shot Misses the Net.
7:52 of 1st period - Shot by Tom Kostopoulos.
7:52 of 1st period - Goal by Tom Kostopoulos - Sharks : 1 - Capitals : 1.
7:53 of 1st period - Jeff Halpern wins face-off versus Jarret Stoll in neutral zone.
7:55 of 1st period - Off-side.
7:56 of 1st period - Jeff Halpern wins face-off versus Blake Comeau in neutral zone.
7:56 of 1st period - Jeff Halpern is hit by Blake Comeau.
7:59 of 1st period - Alexander Semin is hit by Mark Stuart.
8:09 of 1st period - Off-side.
8:10 of 1st period - Matt Stajan wins face-off versus Eric Belanger in neutral zone.
8:13 of 1st period - Shot by Alexander Ovechkin.
8:13 of 1st period - Stopped by Martin Brodeur without a rebound.
8:14 of 1st period - Marc Savard wins face-off versus Brian Sutherby in Sharks zone.
8:14 of 1st period - Francois Beauchemin is hit by Matt Cooke and loses puck.
8:27 of 1st period - Shot by Steve Eminger.
8:27 of 1st period - Shot Misses the Net.
8:32 of 1st period - Icing by Marc Savard.
8:33 of 1st period - Jeff Halpern wins face-off versus Marc Savard in Sharks zone.
8:45 of 1st period - Shot by Tomas Fleischmann.
8:45 of 1st period - Shot Misses the Net.
8:49 of 1st period - Shot by Tomas Fleischmann.
8:49 of 1st period - Shot Misses the Net.
8:51 of 1st period - Shot by Marc Methot.
8:51 of 1st period - Stopped by Martin Brodeur with a rebound.
8:54 of 1st period - Minor Penalty to Marek Zidlicky for Hooking.
8:55 of 1st period - Jarret Stoll wins face-off versus Matt Stajan in Sharks zone.
8:55 of 1st period - Jarret Stoll is hit by Alexander Ovechkin.
9:17 of 1st period - Shot by Kimmo Timonen.
9:17 of 1st period - Stopped by Martin Brodeur without a rebound.
9:18 of 1st period - Marc Savard wins face-off versus Jeff Halpern in Sharks zone.
9:18 of 1st period - Bryan McCabe is hit by Alexander Semin and loses puck.
10:53 of 1st period - Shot by Marc Methot.
10:53 of 1st period - Shot Misses the Net.
11:15 of 1st period - Shot by Dainius Zubrus.
11:15 of 1st period - Stopped by Jimmy Howard with a rebound.
11:38 of 1st period - Off-side.
11:39 of 1st period - Matt Pettinger wins face-off versus Marc Savard in neutral zone.
11:41 of 1st period - Off-side.
11:42 of 1st period - Jarret Stoll wins face-off versus Jeff Halpern in neutral zone.
12:26 of 1st period - Double Minor Penalty to Trent Hunter for Roughing.
12:27 of 1st period - Marc Savard wins face-off versus Ryane Clowe in Capitals zone.
12:56 of 1st period - Shot by Marc Savard.
12:56 of 1st period - Stopped by Jimmy Howard without a rebound.
12:57 of 1st period - Marc Savard wins face-off versus Alexander Ovechkin in Capitals zone.
12:58 of 1st period - Shot by Shane Doan.
12:58 of 1st period - Shot Misses the Net.
13:00 of 1st period - Shot by Marek Zidlicky.
13:00 of 1st period - Shot Blocked by Alexander Ovechkin.
13:02 of 1st period - Shot by Marek Zidlicky.
13:02 of 1st period - Stopped by Jimmy Howard with a rebound.
13:04 of 1st period - Shot by Shane Doan.
13:04 of 1st period - Shot Blocked by Alexander Semin.
13:08 of 1st period - Shot by Shane Doan.
13:08 of 1st period - Shot Blocked by Kimmo Timonen.
14:31 of 1st period - Shot by Ryane Clowe.
14:31 of 1st period - Stopped by Martin Brodeur without a rebound.
14:32 of 1st period - Ryane Clowe wins face-off versus Marc Savard in Sharks zone.
16:04 of 1st period - Shot by Doug Weight.
16:04 of 1st period - Stopped by Jimmy Howard without a rebound.
16:05 of 1st period - Alexander Ovechkin wins face-off versus Doug Weight in Capitals zone.
16:25 of 1st period - Blake Comeau is hit by Willie Mitchell and loses puck.
17:13 of 1st period - Icing by Steve Eminger.
17:14 of 1st period - Eric Belanger wins face-off versus Boyd Kane in Capitals zone.
17:56 of 1st period - Shot by Tomas Fleischmann.
17:56 of 1st period - Shot Misses the Net.
17:58 of 1st period - Shot by Jeff Halpern.
17:58 of 1st period - Deflect By Tomas Fleischmann.
17:58 of 1st period - Stopped by Martin Brodeur without a rebound.
17:59 of 1st period - Matt Stajan wins face-off versus Marc Savard in Sharks zone.
17:59 of 1st period - Alexander Ovechkin is hit by Francois Beauchemin and loses puck.
18:16 of 1st period - Shot by Marc Savard.
18:16 of 1st period - Shot Misses the Net.
18:20 of 1st period - Shot by Marc Savard.
18:20 of 1st period - Shot Blocked by Brian Sutherby.
18:34 of 1st period - Shot by Marc Savard.
18:34 of 1st period - Shot Blocked by Brian Sutherby.
18:36 of 1st period - Shot by Shane Doan.
18:36 of 1st period - Shot Blocked by Corey Potter.
19:10 of 1st period - Shot by Blake Comeau.
19:10 of 1st period - Stopped by Jimmy Howard without a rebound.
19:11 of 1st period - Jeff Halpern wins face-off versus Tom Kostopoulos in Capitals zone.
19:23 of 1st period - Shot by Jeff Halpern.
19:23 of 1st period - Stopped by Martin Brodeur without a rebound.
19:23 of 1st period - Major / Game Misconduct Penalty to Martin Brodeur for Unsportsmanlike conduct.
19:23 of 1st period - Martin Brodeur is ejected from game.
19:23 of 1st period - Scott Clemmensen enters game.
19:24 of 1st period - Jeff Halpern wins face-off versus Jarret Stoll in Sharks zone.
19:33 of 1st period - Shot by Alexander Semin.
19:33 of 1st period - Stopped by Scott Clemmensen without a rebound.
19:34 of 1st period - Alex Tanguay wins face-off versus Matt Stajan in Sharks zone.
19:43 of 1st period - Shot by Kimmo Timonen.
19:43 of 1st period - Shot Misses the Net.

Period #2

0:01 of 2nd period - Jarret Stoll wins face-off versus Matt Stajan in neutral zone.
0:27 of 2nd period - Shot by Kimmo Timonen.
0:27 of 2nd period - Stopped by Scott Clemmensen without a rebound.
0:28 of 2nd period - Jeff Halpern wins face-off versus Jarret Stoll in Sharks zone.
0:31 of 2nd period - Shot by Alexander Semin.
0:31 of 2nd period - Shot Misses the Net.
0:33 of 2nd period - Shot by Marc Methot.
0:33 of 2nd period - Stopped by Scott Clemmensen with a rebound.
0:35 of 2nd period - Shot by Jeff Halpern.
0:35 of 2nd period - Stopped by Scott Clemmensen without a rebound.
0:36 of 2nd period - Jarret Stoll wins face-off versus Jeff Halpern in Sharks zone.
0:51 of 2nd period - Shot by Alexander Semin.
0:51 of 2nd period - Stopped by Scott Clemmensen with a rebound.
0:53 of 2nd period - Shot by Marc Methot.
0:53 of 2nd period - Deflect By Alexander Semin.
0:53 of 2nd period - Shot Blocked by Mark Stuart.
0:55 of 2nd period - Shot by Willie Mitchell.
0:55 of 2nd period - Stopped by Scott Clemmensen with a rebound.
0:57 of 2nd period - Shot by Jeff Halpern.
0:57 of 2nd period - Shot Misses the Net.
0:59 of 2nd period - Shot by Marc Methot.
0:59 of 2nd period - Stopped by Scott Clemmensen without a rebound.
1:00 of 2nd period - Matt Stajan wins face-off versus Jarret Stoll in Sharks zone.
1:34 of 2nd period - Off-side.
1:35 of 2nd period - Jarret Stoll wins face-off versus Alexander Semin in neutral zone.
2:00 of 2nd period - Marek Zidlicky is hit by Tomas Fleischmann and loses puck.
2:08 of 2nd period - Tomas Fleischmann is hit by Mark Stuart and loses puck.
2:35 of 2nd period - Shot by Ryane Clowe.
2:35 of 2nd period - Stopped by Scott Clemmensen without a rebound.
2:36 of 2nd period - Matt Stajan wins face-off versus Jarret Stoll in Sharks zone.
3:34 of 2nd period - Icing by Jeff Halpern.
3:35 of 2nd period - Marc Savard wins face-off versus Jeff Halpern in Capitals zone.
3:56 of 2nd period - Marek Zidlicky is hit by Alexander Ovechkin and loses puck.
4:48 of 2nd period - Shot by Marc Savard.
4:48 of 2nd period - Goal by Marc Savard - Sharks : 2 - Capitals : 1.
4:49 of 2nd period - Boyd Kane wins face-off versus Eric Belanger in neutral zone.
4:49 of 2nd period - Boyd Kane is hit by Jack Skille.
4:54 of 2nd period - Willie Mitchell is hit by Jack Skille and loses puck.
5:42 of 2nd period - Shot by Alexander Ovechkin.
5:42 of 2nd period - Stopped by Scott Clemmensen without a rebound.
5:43 of 2nd period - Marc Savard wins face-off versus Jeff Halpern in Sharks zone.
5:43 of 2nd period - Marc Savard is hit by Jeff Halpern.
6:03 of 2nd period - Icing by Eric Brewer.
6:04 of 2nd period - Marc Savard wins face-off versus Brian Sutherby in Sharks zone.
6:47 of 2nd period - Jarret Stoll is hit by Tomas Fleischmann and loses puck.
7:06 of 2nd period - Shot by Shane Doan.
7:06 of 2nd period - Stopped by Jimmy Howard with a rebound.
7:08 of 2nd period - Shot by Doug Weight.
7:08 of 2nd period - Deflect By Alex Tanguay.
7:08 of 2nd period - Stopped by Jimmy Howard without a rebound.
7:09 of 2nd period - Eric Belanger wins face-off versus Matt Stajan in Capitals zone.
7:16 of 2nd period - Shot by Ryane Clowe.
7:16 of 2nd period - Shot Blocked by Blake Comeau.
7:35 of 2nd period - Alexander Ovechkin is hit by Blake Comeau and loses puck.
7:36 of 2nd period - Double Minor Penalty to Blake Comeau for Slashing.
7:37 of 2nd period - Shane Doan wins face-off versus Jeff Halpern in Sharks zone.
8:59 of 2nd period - Shot by Corey Potter.
8:59 of 2nd period - Stopped by Scott Clemmensen without a rebound.
9:00 of 2nd period - Matt Stajan wins face-off versus Jarret Stoll in Sharks zone.
9:29 of 2nd period - Shot by Marc Methot.
9:29 of 2nd period - Shot Misses the Net.
9:51 of 2nd period - Shot by Willie Mitchell.
9:51 of 2nd period - Deflect By Alexander Semin.
9:51 of 2nd period - Shot Misses the Net.
9:55 of 2nd period - Shot by Jeff Halpern.
9:55 of 2nd period - Deflect By Alexander Semin.
9:55 of 2nd period - Stopped by Scott Clemmensen without a rebound.
9:56 of 2nd period - Marc Savard wins face-off versus Matt Cooke in Sharks zone.
10:56 of 2nd period - Off-side.
10:57 of 2nd period - Jarret Stoll wins face-off versus Jeff Halpern in neutral zone.
10:57 of 2nd period - Minor Penalty to Tomas Fleischmann for Holding.
10:58 of 2nd period - Brian Sutherby wins face-off versus Marc Savard in Capitals zone.
11:09 of 2nd period - Shot by Brian Sutherby.
11:09 of 2nd period - Stopped by Scott Clemmensen without a rebound.
11:10 of 2nd period - Jarret Stoll wins face-off versus Brian Sutherby in Sharks zone.
11:12 of 2nd period - Icing by Bryan McCabe.
11:13 of 2nd period - Ryane Clowe wins face-off versus Jarret Stoll in Sharks zone.
11:47 of 2nd period - Off-side.
11:48 of 2nd period - Matt Cooke wins face-off versus Jarret Stoll in neutral zone.
12:38 of 2nd period - Shot by Matt Cooke.
12:38 of 2nd period - Stopped by Scott Clemmensen without a rebound.
12:39 of 2nd period - Marc Savard wins face-off versus Alexander Ovechkin in Sharks zone.
12:39 of 2nd period - Marc Savard is hit by Alexander Ovechkin.
12:42 of 2nd period - Icing by Shane Doan.
12:43 of 2nd period - Marc Savard wins face-off versus Alexander Ovechkin in Sharks zone.
13:03 of 2nd period - Minor Penalty to Kimmo Timonen for Hooking.
13:04 of 2nd period - Marc Savard wins face-off versus Ryane Clowe in Capitals zone.
13:22 of 2nd period - Shot by Marek Zidlicky.
13:22 of 2nd period - Stopped by Jimmy Howard without a rebound.
13:23 of 2nd period - Marc Savard wins face-off versus Alexander Ovechkin in Capitals zone.
14:37 of 2nd period - Alexander Semin is hit by Shane Doan and loses puck.
14:54 of 2nd period - Shot by Mark Stuart.
14:54 of 2nd period - Stopped by Jimmy Howard without a rebound.
14:55 of 2nd period - Jarret Stoll wins face-off versus Ryane Clowe in Capitals zone.
15:05 of 2nd period - Icing by Blake Comeau.
15:06 of 2nd period - Dainius Zubrus wins face-off versus Boyd Kane in Sharks zone.
15:58 of 2nd period - Blake Comeau is hit by Jeff Halpern and loses puck.
16:23 of 2nd period - Shot by Blake Comeau.
16:23 of 2nd period - Shot Misses the Net.
17:56 of 2nd period - Francois Beauchemin is hit by Alexander Ovechkin and loses puck.
18:26 of 2nd period - Ryane Clowe is hit by Mark Stuart and loses puck.
18:34 of 2nd period - Icing by Mark Stuart.
18:35 of 2nd period - Jarret Stoll wins face-off versus Matt Pettinger in Sharks zone.
18:49 of 2nd period - Shot by Matt Pettinger.
18:49 of 2nd period - Shot Misses the Net.
18:51 of 2nd period - Shot by Alexander Ovechkin.
18:51 of 2nd period - Stopped by Scott Clemmensen without a rebound.
18:52 of 2nd period - Jeff Halpern wins face-off versus Marc Savard in Sharks zone.
19:07 of 2nd period - Shot by Alexander Semin.
19:07 of 2nd period - Deflect By Jeff Halpern.
19:07 of 2nd period - Shot Misses the Net.
19:19 of 2nd period - Shot by Tomas Fleischmann.
19:19 of 2nd period - Stopped by Scott Clemmensen without a rebound.
19:20 of 2nd period - Jarret Stoll wins face-off versus Boyd Kane in Sharks zone.

Period #3

0:01 of 3rd period - Erik Christensen wins face-off versus Matt Stajan in neutral zone.
0:01 of 3rd period - Erik Christensen is hit by Alexander Ovechkin.
0:04 of 3rd period - Bryan McCabe is hit by Kimmo Timonen and loses puck.
0:21 of 3rd period - Shot by Jarret Stoll.
0:21 of 3rd period - Stopped by Jimmy Howard without a rebound.
0:22 of 3rd period - Jeff Halpern wins face-off versus Marc Savard in Capitals zone.
0:45 of 3rd period - Shane Doan is hit by Tomas Fleischmann and loses puck.
0:57 of 3rd period - Minor Penalty to Marc Methot for Hooking.
0:58 of 3rd period - Jarret Stoll wins face-off versus Alexander Semin in Capitals zone.
1:15 of 3rd period - Shot by Mark Stuart.
1:15 of 3rd period - Shot Blocked by Alexander Semin.
1:17 of 3rd period - Shot by Blake Comeau.
1:17 of 3rd period - Stopped by Jimmy Howard with a rebound.
1:19 of 3rd period - Shot by Erik Christensen.
1:19 of 3rd period - Stopped by Jimmy Howard with a rebound.
1:21 of 3rd period - Shot by Blake Comeau.
1:21 of 3rd period - Deflect By Jarret Stoll.
1:21 of 3rd period - Shot Misses the Net.
1:23 of 3rd period - Shot by Bryan McCabe.
1:23 of 3rd period - Stopped by Jimmy Howard without a rebound.
1:24 of 3rd period - Alex Tanguay wins face-off versus Ryane Clowe in Capitals zone.
1:31 of 3rd period - Shot by Shane Doan.
1:31 of 3rd period - Shot Misses the Net.
1:51 of 3rd period - Shot by Marek Zidlicky.
1:51 of 3rd period - Stopped by Jimmy Howard without a rebound.
1:52 of 3rd period - Jarret Stoll wins face-off versus Alexander Ovechkin in Capitals zone.
2:43 of 3rd period - Shot by Alexander Ovechkin.
2:43 of 3rd period - Deflect By Ryane Clowe.
2:43 of 3rd period - Shot Misses the Net.
2:48 of 3rd period - Icing by Shane Doan.
2:49 of 3rd period - Ryane Clowe wins face-off versus Shane Doan in Sharks zone.
3:22 of 3rd period - Minor Penalty to Bryan McCabe for Holding.
3:23 of 3rd period - Jeff Halpern wins face-off versus Marc Savard in Sharks zone.
3:36 of 3rd period - Shot by Marc Methot.
3:36 of 3rd period - Shot Misses the Net.
3:38 of 3rd period - Shot by Marc Methot.
3:38 of 3rd period - Stopped by Scott Clemmensen without a rebound.
3:39 of 3rd period - Jarret Stoll wins face-off versus Matt Stajan in Sharks zone.
4:01 of 3rd period - Icing by Kimmo Timonen.
4:02 of 3rd period - Matt Stajan wins face-off versus Jarret Stoll in Capitals zone.
4:55 of 3rd period - Shot by Alexander Semin.
4:55 of 3rd period - Stopped by Scott Clemmensen without a rebound.
4:56 of 3rd period - Jarret Stoll wins face-off versus Jeff Halpern in Sharks zone.
5:09 of 3rd period - Shot by Tomas Fleischmann.
5:09 of 3rd period - Stopped by Scott Clemmensen without a rebound.
5:10 of 3rd period - Matt Stajan wins face-off versus Jarret Stoll in Sharks zone.
5:26 of 3rd period - Alexander Ovechkin is hit by Shane OBrien and loses puck.
5:36 of 3rd period - Shot by Matt Cooke.
5:36 of 3rd period - Stopped by Scott Clemmensen with a rebound.
5:39 of 3rd period - Matt Cooke is hit by Shane OBrien and loses puck.
5:50 of 3rd period - Shot by Steve Eminger.
5:50 of 3rd period - Shot Blocked by Shane OBrien.
5:52 of 3rd period - Shot by Matt Cooke.
5:52 of 3rd period - Shot Misses the Net.
6:05 of 3rd period - Shot by Kimmo Timonen.
6:05 of 3rd period - Stopped by Scott Clemmensen with a rebound.
6:44 of 3rd period - Tomas Fleischmann is hit by Shane OBrien and loses puck.
6:57 of 3rd period - Shot by Alexander Semin.
6:57 of 3rd period - Deflect By Tomas Fleischmann.
6:57 of 3rd period - Stopped by Scott Clemmensen without a rebound.
6:58 of 3rd period - Marc Savard wins face-off versus Matt Stajan in Sharks zone.
6:58 of 3rd period - Marc Savard is hit by Alexander Ovechkin.
7:13 of 3rd period - Icing by Corey Potter.
7:14 of 3rd period - Matt Stajan wins face-off versus Marc Savard in Capitals zone.
7:16 of 3rd period - Icing by Alexander Ovechkin.
7:17 of 3rd period - Marc Savard wins face-off versus Matt Stajan in Capitals zone.
7:23 of 3rd period - Off-side.
7:24 of 3rd period - Marc Savard wins face-off versus Jeff Halpern in neutral zone.
7:34 of 3rd period - Alexander Semin is hit by Alex Tanguay and loses puck.
7:55 of 3rd period - Shot by Tomas Fleischmann.
7:55 of 3rd period - Stopped by Scott Clemmensen with a rebound.
8:10 of 3rd period - Marek Zidlicky is hit by Brian Sutherby and loses puck.
9:05 of 3rd period - Tom Kostopoulos is hit by Trent Hunter and loses puck.
9:31 of 3rd period - Doug Weight is hit by Steve Eminger and loses puck.
10:06 of 3rd period - Shot by Shane Doan.
10:06 of 3rd period - Shot Misses the Net.
10:49 of 3rd period - Icing by Tomas Fleischmann.
10:50 of 3rd period - Marc Savard wins face-off versus Jeff Halpern in Capitals zone.
11:13 of 3rd period - Shot by Tom Kostopoulos.
11:13 of 3rd period - Shot Misses the Net.
11:17 of 3rd period - Shot by Marc Savard.
11:17 of 3rd period - Stopped by Jimmy Howard without a rebound.
11:18 of 3rd period - Matt Stajan wins face-off versus Eric Belanger in Capitals zone.
11:33 of 3rd period - Shot by Eric Belanger.
11:33 of 3rd period - Stopped by Jimmy Howard without a rebound.
11:34 of 3rd period - Blake Comeau wins face-off versus Alexei Kovalev in Capitals zone.
12:31 of 3rd period - Erik Christensen is hit by Alexander Ovechkin and loses puck.
13:19 of 3rd period - Shot by Shane Doan.
13:19 of 3rd period - Shot Misses the Net.
13:36 of 3rd period - Icing by Francois Beauchemin.
13:37 of 3rd period - Jeff Halpern wins face-off versus Marc Savard in Sharks zone.
13:37 of 3rd period - Tomas Fleischmann is hit by Francois Beauchemin and loses puck.
15:04 of 3rd period - Shot by Tom Kostopoulos.
15:04 of 3rd period - Stopped by Jimmy Howard without a rebound.
15:05 of 3rd period - Matt Cooke wins face-off versus Marc Savard in Capitals zone.
15:05 of 3rd period - Matt Cooke is hit by Alex Tanguay.
15:11 of 3rd period - Shot by Tomas Fleischmann.
15:11 of 3rd period - Shot Misses the Net.
16:54 of 3rd period - Shot by Eric Brewer.
16:54 of 3rd period - Stopped by Jimmy Howard without a rebound.
16:55 of 3rd period - Doug Weight wins face-off versus Ryane Clowe in Capitals zone.
17:31 of 3rd period - Icing by Shane OBrien.
17:32 of 3rd period - Matt Pettinger wins face-off versus Doug Weight in Sharks zone.
17:37 of 3rd period - Shot by Matt Pettinger.
17:37 of 3rd period - Stopped by Scott Clemmensen with a rebound.
17:39 of 3rd period - Shot by Matt Cooke.
17:39 of 3rd period - Stopped by Scott Clemmensen with a rebound.
18:39 of 3rd period - Matt Stajan is hit by Blake Comeau and loses puck.
18:53 of 3rd period - Minor Penalty to Mark Stuart for Hooking.
18:54 of 3rd period - Jarret Stoll wins face-off versus Matt Stajan in Sharks zone.
18:54 of 3rd period - Jarret Stoll is hit by Matt Cooke.
19:04 of 3rd period - Capitals, Jimmy Howard is pulled from the net.
19:18 of 3rd period - Shot by Steve Eminger.
19:18 of 3rd period - Stopped by Scott Clemmensen without a rebound.
19:19 of 3rd period - Marc Savard wins face-off versus Brian Sutherby in Sharks zone.
19:19 of 3rd period - Marc Savard is hit by Brian Sutherby.


Output by the SimonT Hockey Simulator (STHS) for Stephane Roy -- Original Page W3C XHTML 1.0 Valid